 Dungeon Crawl Stone Soup version 0.32-a0-471-gb91d5d9764 (webtiles) character file.

Game seed: 13883941741008397681

52 Goblin1989 the Sneak (level 3, -1/29 HPs)
             Began as a Demonspawn Delver on Feb 25, 2024.
             Slain by an adder (4 damage)
             ... on level 2 of the Dungeon.
             The game lasted 00:05:01 (1639 turns).

Goblin1989 the Sneak (Demonspawn Delver)            Turns: 1639, Time: 00:05:01

Health: -1/29      AC:  4    Str: 14    XL:     3   Next: 60%
Magic:  3/3        EV: 11    Int: 10    God:
Gold:   39         SH:  8    Dex: 14    Spells: 2/2 levels left

rFire   . . .        a - +0 short sword
rCold   . . .        h - +0 buckler
rNeg    . . .        b - +0 leather armour
rPois   .            (no helmet)
rElec   .            j - +0 cloak
rCorr   .            (no gloves)
SInv    .            (no boots)
Will    .....        (no amulet)
Stlth   +++          (no ring)
HPRegen 0.24/turn    (no ring)
MPRegen 0.08/turn

%: no passive effects
@: no status effects
A: condensation shield
a: no special abilities


You were on level 2 of the Dungeon.
You visited 1 branch of the dungeon, and saw 5 of its levels.

You collected 39 gold pieces.

Inventory:

Hand Weapons
 a - a +0 short sword (weapon)
Missiles
 k - 20 stones (quivered)
Armour
 b - a +0 leather armour (worn)
 h - a +0 buckler (worn)
 j - a +0 cloak (worn)
Wands
 g - a wand of digging (3) {@v3}
Scrolls
 c - a scroll of fog
 d - 2 scrolls of revelation
 e - a scroll of fear
 i - a scroll of blinking {unknown}
 l - a scroll of noise {unknown}
 m - a scroll of enchant armour {unknown}
 n - 2 scrolls of identify {unknown}
 p - 3 scrolls of teleportation {unknown}
Potions
 f - a potion of haste {@q3,}
 o - a potion of enlightenment {unknown}
 q - 2 potions of lignification {unknown}


   Skills:
 - Level 3.0 Fighting
 + Level 2.5 Short Blades
 - Level 1.7 Dodging
 + Level 5.0 Stealth
 + Level 1.4 Shields


You had 2 spell levels left.
You didn't know any spells.
Your spell library was empty.

Dungeon Overview and Level Annotations

Branches:
Dungeon (5/15) Zot: 25768
 Temple: D:4-7

Altars:


Innate Abilities, Weirdness & Mutations

A meltable shield of frost defends you. (SH +4)


Message History

You take 4 damage, and have 25/29 hp.
You hit the ribbon worm.
The ribbon worm is moderately wounded.
The ribbon worm expels a string of sticky webbing.
The stream of webbing misses you.
You hit the ribbon worm.
The ribbon worm is moderately wounded.
The rat squeaks loudly.
The ribbon worm bites you.
You take 1 damage, and have 24/29 hp.
You hit the ribbon worm.
The ribbon worm is moderately wounded.
You block the ribbon worm's attack.
You hit the ribbon worm.
The ribbon worm is heavily wounded.
You barely miss the ribbon worm.
The ribbon worm is heavily wounded.
You block the ribbon worm's attack.
You hit the ribbon worm.
The ribbon worm is heavily wounded.
The ribbon worm bites you but does no damage.
You hit the ribbon worm.
The ribbon worm is severely wounded.
The rat bites you.
The ribbon worm expels a string of sticky webbing.
You block the stream of webbing.
You take 3 damage, and have 22/29 hp.
You hit the ribbon worm but do no damage.
The ribbon worm is heavily wounded.
You block the rat's attack.
You hit the ribbon worm.
The ribbon worm is severely wounded.
The ribbon worm barely misses you.
You hit the ribbon worm but do no damage.
The ribbon worm is severely wounded.
The rat bites you. You block the ribbon worm's attack.
You take 2 damage, and have 21/29 hp.
You hit the ribbon worm but do no damage.
The ribbon worm is severely wounded.
The rat bites you but does no damage.
You hit the ribbon worm.
The ribbon worm is severely wounded.
The ribbon worm closely misses you. The rat misses you.
You barely miss the ribbon worm.
The ribbon worm is severely wounded.
You block the rat's attack. The ribbon worm bites you.
You take 6 damage, and have 16/29 hp.
MASSIVE DAMAGE!!
You are too injured to fight recklessly!
You are too injured to fight recklessly!
You are too injured to fight recklessly!
You are too injured to fight recklessly!
You are too injured to fight recklessly!
You are too injured to fight recklessly!
You are too injured to fight recklessly!
You are too injured to fight recklessly!
You are too injured to fight recklessly!
You are too injured to fight recklessly!
You are too injured to fight recklessly!
You are too injured to fight recklessly!
You are too injured to fight recklessly!
You are too injured to fight recklessly!
You are too injured to fight recklessly!
You are too injured to fight recklessly!
You are too injured to fight recklessly!
You are too injured to fight recklessly!
You are too injured to fight recklessly!
You are too injured to fight recklessly!
You are too injured to fight recklessly!
You are too injured to fight recklessly!
You hit the ribbon worm.
The ribbon worm is severely wounded.
You block the rat's attack.
The ribbon worm bites you but does no damage.
You hit the ribbon worm.
The ribbon worm is severely wounded.
You block the rat's attack.
You hit the ribbon worm.
The ribbon worm is severely wounded.
The ribbon worm bites you!
* * * LOW HITPOINT WARNING * * *
The rat barely misses you.
You take 8 damage, and have 8/29 hp.
MASSIVE DAMAGE!!
You barely miss the ribbon worm.
The ribbon worm is severely wounded.
The ribbon worm expels a string of sticky webbing.
You block the stream of webbing.
You hit the ribbon worm.
The ribbon worm is severely wounded.
The rat bites you but does no damage. You block the adder's attack.
You hit the ribbon worm.
The ribbon worm is almost dead.
You block the adder's attack. The rat barely misses you.
The ribbon worm bites you.
* * * LOW HITPOINT WARNING * * *
The adder bites you but does no damage.
You take 6 damage, and have 3/29 hp.
MASSIVE DAMAGE!!
You hit the ribbon worm.
You kill the ribbon worm!
You block the rat's attack. The adder bites you.
You die...

███ █ .██████...█ ██
.....█..█.█ █. .█....
█.█ █. ██ .....███.█
█. █.█
...██.█.████████.
▲Ψ.██.██.Ψ∆..........
█..†█r█...█.█████.███
..██..@S...██.█ █. █
..S██.....██.██ █.███
█..██.Ψ.██..█ █....
█.. █..██.██†.██ █..
██.. █..█▲█..██ █..
... █..▲..██ █.█ █..
█...██ █████.█ █..


█████ █..██ █.....█ █..██...██ █.██ █.███.█ You could see an adder and a rat.

Vanquished Creatures
  2 dart slugs
  A ribbon worm (D:2)
  2 orcs (D:3)
  3 ball pythons
  7 endoplasms
  2 goblins
  9 hobgoblins
  3 quokkas
  5 bats
  2 kobolds (D:1)
  5 rats
41 creatures vanquished.

Notes
Turn   | Place    | Note
-------+----------+-------------------------------------------
     0 | D:5      | Goblin1989 the Demonspawn Delver began the quest for the
                  | Orb.
     0 | D:5      | Reached XP level 1. HP: 18/18 MP: 1/1
   223 | D:3      | Gained mutation: A meltable shield of frost defends you.
                  | (SH +4) [demonic ancestry]
   223 | D:3      | Reached XP level 2. HP: 24/24 MP: 2/2
   418 | D:1      | Reached skill level 1 in Shields
   653 | D:1      | Reached XP level 3. HP: 29/29 MP: 3/3
  1470 | D:2      | Reached skill level 5 in Stealth
  1639 | D:2      | Slain by an adder

Illustrated notes

Levels and vault maps discovered:
D:1:      dpeg_arrival_another_circle, layout_loops_corners
D:2:      layout_loops_ring, grunt_decor_arrowhead, minmay_tetromino_s4
D:3:      layout_rooms, lemuel_round_altar, ebering_ecumenical_altar_ruins
D:4:      layout_basic, temple_hall, minmay_quantized
D:5:      minmay_bubble_buster, layout_loops_ring, lemuel_crystal_altar,
          serial_shops, kennysheep_little_box

Skill      XL: |  1  2  3 |
---------------+----------+-----
Short Blades   | 2 |  2.5
Shields        | 1 |  1.4
Stealth        | 5 |  5.0
Fighting       | |  3.0
Dodging        | |  1.7

Action                     || total
---------------------------++-------
  Melee: Short sword       ||   166
   Stab: Sleeping          ||     8
 Armour: Leather armour    ||    60
  Dodge: Dodged            ||    49
  Block: Buckler           ||    67

Table legend: (Time is in decaauts)
 A = Elapsed time spent in this place.
 B = Non-inter-level travel time spent in this place.
 C = Inter-level travel time spent in this place.
 D = Time resting spent in this place.
 E = Time spent auto-exploring this place.
 F = Levels seen in this place.
 G = Mean time per level.
                   A        B        C        D        E       F      G
               +--------+--------+--------+--------+--------+-----+--------+
         Total |   1627 |   1590 |     37 |     94 |    939 |   5 |  325.4 |
       Dungeon |   1627 |   1590 |     37 |     94 |    939 |   5 |  325.4 |
               +--------+--------+--------+--------+--------+-----+--------+

Top non-repeatable levels by time:
     D:1: 972 daAuts
     D:3: 316 daAuts
     D:2: 300 daAuts
     D:4: 21 daAuts
     D:5: 17 daAuts
